 Dungeon Crawl Stone Soup version 0.22-a0-833-g8522bf8 (webtiles) character file.

16 Amnesiac the Magician (level 2, -3/19 HPs)
             Began as a Mummy Earth Elementalist on July 25, 2018.
             Slain by an adder (5 damage)
             ... on level 3 of the Dungeon.
             The game lasted 00:01:04 (584 turns).

Amnesiac the Magician (Mummy Earth Elementalist)     Turns: 584, Time: 00:01:04

Health: -3/19      AC:  2    Str: 11    XL:     2   Next: 37%
Magic:  4/6        EV: 12    Int: 14    God:
Gold:   0          SH:  6    Dex: 12    Spells: 4/7 levels left

rFire    x . .     SeeInvis .   f - +0 quarterstaff
rCold    + . .     Gourm    .   (shield currently unavailable)
rNeg     + + +     Faith    .   c - +0 robe
rPois    ∞         Spirit   .   (no helmet)
rElec    .         Reflect  +   (no cloak)
rCorr    .         Harm     .   (no gloves)
MR       .....                  (no boots)
Stlth    ++........             e - +6 amulet of reflection
HPRegen  0.06/turn              (no ring)
MPRegen  0.10/turn              (no ring)

@: no status effects
A: no food or potions, fire vulnerability, cold resistance 1, negative energy
resistance 3, torment resistance, unbreathing
a: no special abilities


You were on level 3 of the Dungeon.
You were not hungry.

You visited 1 branch of the dungeon, and saw 4 of its levels.

Inventory:

Hand Weapons
 d - a +0 whip
 f - a +0 quarterstaff (weapon)
Missiles
 b - 40 stones (quivered)
Armour
 a - a +0 pair of boots
 c - a +0 robe (worn)
Jewellery
 e - a +6 amulet of reflection (around neck)


   Skills:
 - Level 1.5 Dodging
 - Level 1.5 Stealth
 + Level 3.0 Spellcasting
 - Level 0.7 Transmutations
 * Level 3.0 Earth Magic


You had 4 spell levels left.
You knew the following spells:

 Your Spells              Type           Power        Failure   Level  Hunger
a - Sandblast             Erth           ##....       6%          1    N/A
b - Passwall              Tmut/Erth      #.......     16%         2    N/A

Your spell library contained the following spells:

 Spells                   Type           Power        Failure   Level  Hunger
 Stone Arrow              Conj/Erth      #.....       34%         3    N/A
 Lee's Rapid Deconstruct  Erth           ##........   86%         5    N/A
 Petrify                  Tmut/Erth      #.......     69%         4    N/A

Dungeon Overview and Level Annotations

Branches:
Dungeon (4/15)
 Temple: D:4-7

Altars:


Innate Abilities, Weirdness & Mutations

You do not eat or drink.
Your flesh is vulnerable to fire.
You are immune to poison.
Your flesh is cold resistant. (rC+)
You are immune to negative energy. (rN+++)
You are immune to unholy pain and torment.
You can survive without breathing.


Message History

There is a stone staircase leading down here.
You see here a hobgoblin corpse.
The giant cockroach closely misses you. The orc hits you with a dagger.
You block the orc's attack. You block the giant cockroach's attack.
The giant cockroach barely misses you.
A giant cockroach comes into view.
The giant cockroach bites you.
You hit the giant cockroach.
The giant cockroach is heavily wounded.
The giant cockroach barely misses you. The orc barely misses you.
The giant cockroach bites you but does no damage.
The giant cockroach closely misses you.
An orc comes into view. It is wielding a flail.
The giant cockroach closely misses you.
The orc shouts!
The orc hits you but does no damage.
The giant cockroach bites you but does no damage.
The giant cockroach misses you.
A bat comes into view.
You block the giant cockroach's attack.
Your magical contamination has completely faded away.
You hit the bat.
You kill the bat!
You block the giant cockroach's attack.
An adder comes into view.
You see here a quarterstaff.
f - a quarterstaff The giant cockroach bites you.
The giant cockroach closely misses you.
Wield which item (- for none, * to show all)? (? for menu, Esc to quit)
f - a +0 quarterstaff (weapon)
An adder comes into view.
The adder hisses angrily.
The adder barely misses you.
The giant cockroach bites you but does no damage.
The adder barely misses you. The adder bites you.
* * * LOW HITPOINT WARNING * * *
You block the adder's attack. The adder bites you.
* * * LOW HITPOINT WARNING * * *
The adder bites you.
* * * LOW HITPOINT WARNING * * *
You block the adder's attack.
Unknown command.
Casting: Sandblast (safe; 6% risk of failure)
Confirm with . or Enter, or press ? or * to list all spells.
Aiming: Sandblast (safe; 6% risk of failure)
Press: ? - help, Shift-Dir - straight line, f - adder
Aim: an adder The blast of sand hits the adder.
The adder is lightly wounded.
b - 41 stones The adder bites you.
* * * LOW HITPOINT WARNING * * *
The adder bites you.
* * * LOW HITPOINT WARNING * * *
Casting: Sandblast (safe; 6% risk of failure)
Confirm with . or Enter, or press ? or * to list all spells.
Aiming: Sandblast (safe; 6% risk of failure)
Press: ? - help, Shift-Dir - straight line, f/p - adder
Aim: an adder (lightly wounded)
The blast of sand hits the adder.
The adder is severely wounded.
b - 40 stones The adder bites you.
You die...

#......# .
...o#..## .##
###[...#.... ..#
#...##..#.#. #.#
#... #..... #.#
##..# ####... #.#
##...# #.o.o.#
#.#
#....###.##.##
#@# #...#o...##<#
#S###.s.o.#####.#
#S##.oo#### #.#
#ss.s### #.#
#..### #.. ####
###


You could see 2 adders and 2 giant cockroaches.

Vanquished Creatures
  A worm (D:2)
  A dart slug (D:3)
  2 giant cockroaches (D:2)
  2 hobgoblins
  A bat (D:3)
  3 kobolds
  A rat (D:1)
11 creatures vanquished.

Notes
Turn   | Place    | Note
-------+----------+-------------------------------------------
     0 | D:1      | Amnesiac the Mummy Earth Elementalist began the quest for the Orb.
     0 | D:1      | Reached XP level 1. HP: 13/13 MP: 4/4
   285 | D:2      | Reached XP level 2. HP: 5/19 MP: 0/5
   289 | D:2      | Learned a level 2 spell: Passwall
   584 | D:3      | Slain by an adder

Vault maps used:
D:1:      eino_arrival_cavern_b
D:2:      first_ration
D:3:      led_sif_book
D:4:      kennysheep_little_box, ebering_ghost_reflecting_pool,
          minmay_curled_crystal, nicolae_ru_sacrificial_ziggurat

Skill      XL: |  1  2 |
---------------+-------+-----
Spellcasting   | 3 |  3.0
Earth Magic    | 3 |  3.0
Dodging        | |  1.5
Stealth        | |  1.5
Transmutations | |  0.7

Action                   || total
-------------------------++-------
Melee: Whip              ||    25
 Cast: Sandblast         ||    13
Armor: Robe              ||    18
Dodge: Dodged            ||    28
Block: Other             ||     6

Table legend:
 A = Spawn XP
 B = Non-spawn XP
 C = Spawn XP percentage of total XP
 D = Spawn monster count
 E = Non-spawn monster count
 F = Spawn count percentage of total count
 G = Total turns spent on level
                    A         B        C        D         E        F      G
               +---------+---------+-------+---------+---------+-------+---------
         Total |       0 |      23 |   0.0 |       0 |      11 |   0.0 |   584
               +---------+---------+-------+---------+---------+-------+---------
           D:1 |       0 |       5 |   0.0 |       0 |       3 |   0.0 |   140
           D:2 |       0 |      11 |   0.0 |       0 |       5 |   0.0 |   380
           D:3 |       0 |       7 |   0.0 |       0 |       3 |   0.0 |    60
               +---------+---------+-------+---------+---------+-------+---------
